PAA
NORTHVILLE ECLIPSE @ SPRINGFIELD SHOOTERS
06/22/2042
 
TOP OF THE 1ST
Northville Eclipse batting - Pitching for Springfield Shooters : RHP Mario Fuentes
Pitching: RHP Mario Fuentes
Batting: LHB John Kersey 0-0: Called Strike
0-1: Swinging Strike
0-2: Ball
1-2: Foul Ball, location: 2F
1-2: Ball
2-2: Strikes out swinging
Batting: RHB Daniel Marley 0-0: Ball
1-0: Ball
2-0: Ball
3-0: Called Strike
3-1: Fly out, F7 (Line Drive, 7, EV 91.9 MPH)
Batting: SHB Shing Li 0-0: Ball
1-0: SINGLE (Groundball, 34D, EV 103.8 MPH)
Batting: RHB Jesús Mancebo 0-0: Foul Ball, location: 2F
0-1: Fly out, F7 (Flyball, 7S, EV 71.2 MPH)
Top of the 1st over - 0 runs, 1 hit, 0 errors, 1 left on base; Northville 0 - Springfield 0
BOTTOM OF THE 1ST
Springfield Shooters batting - Pitching for Northville Eclipse : RHP John Seawright
Pitching: RHP John Seawright
Batting: RHB Bang Aang 0-0: Foul Ball, location: 2F
0-1: Foul Ball, location: 2F
0-2: Ball
1-2: Strikes out swinging, 2-3 out at first.
Batting: SHB Jorge Rocha 0-0: DOUBLE (Line Drive, 78XD, EV 99.4 MPH)
Batting: LHB Joey Terry 0-0: Ball
1-0: Ball
2-0: Ground out U3 (Groundball, 3, EV 85.6 MPH)
Jorge Rocha to third
Batting: RHB Gabriel Luzuriaga 0-0: Called Strike
0-1: Foul Ball, location: 2F
0-2: Ball
1-2: Foul Ball, location: 2F
1-2: Foul Ball, location: 2F
1-2: Ground out 4-3 (Groundball, 4, EV 94.4 MPH)
Bottom of the 1st over - 0 runs, 1 hit, 0 errors, 1 left on base; Northville 0 - Springfield 0
TOP OF THE 2ND
Northville Eclipse batting - Pitching for Springfield Shooters : RHP Mario Fuentes
Batting: SHB Javier Murillo 0-0: Called Strike
0-1: Called Strike
0-2: Ball
1-2: Foul Ball, location: 2F
1-2: Ball
2-2: Foul Ball, location: 2F
2-2: Ball
3-2: Base on Balls
Batting: RHB Rafael Manawis 0-0: Ball
1-0: Ball
2-0: Foul Ball, location: 2F
2-1: Grounds into double play, 6-4-3 (Groundball, 6, EV 87.5 MPH)
Batting: RHB Lex van Esch 0-0: SOLO HOME RUN (Flyball, 78XD, EV 108.1 MPH), Distance : 385 ft
Batting: RHB Junji Ito 0-0: Ball
1-0: Foul Ball, location: 2F
1-1: Called Strike
1-2: Ball
2-2: Strikes out looking
Top of the 2nd over - 1 run, 1 hit, 0 errors, 0 left on base; Northville 1 - Springfield 0
BOTTOM OF THE 2ND
Springfield Shooters batting - Pitching for Northville Eclipse : RHP John Seawright
Batting: RHB Júlio Chacón 0-0: Foul Ball, location: 2F
0-1: Swinging Strike
0-2: Ball
1-2: Foul Ball, location: 2F
1-2: Foul Ball, location: 2F
1-2: Ball
2-2: Strikes out swinging
Batting: RHB Shi-xian Zhào 0-0: Called Strike
0-1: Ball
1-1: Foul Ball, location: 2F
1-2: Strikes out looking
Batting: LHB Bartolo Tasis 0-0: Called Strike
0-1: Ball
1-1: Ball
2-1: Ball
3-1: Base on Balls
Batting: RHB Bo Rajat 0-0: Called Strike
0-1: Ball
1-1: Ball
2-1: Ball
3-1: Base on Balls
Bartolo Tasis to second
Batting: SHB Félix Linaza 0-0: Ball
1-0: Swinging Strike
1-1: Called Strike
1-2: Strikes out swinging
Bottom of the 2nd over - 0 runs, 0 hits, 0 errors, 2 left on base; Northville 1 - Springfield 0
TOP OF THE 3RD
Northville Eclipse batting - Pitching for Springfield Shooters : RHP Mario Fuentes
Batting: RHB Bastien Oudin 0-0: Ball
1-0: Called Strike
1-1: Fly out, F7 (Flyball, 7LS, EV 93.1 MPH)
Batting: LHB John Kersey 0-0: Ball
1-0: Ground out U3 (Groundball, 3L, EV 105.6 MPH)
Batting: RHB Daniel Marley 0-0: Called Strike
0-1: Foul Ball, location: 2F
0-2: Ball
1-2: Foul Ball, location: 2F
1-2: Foul Ball, location: 2F
1-2: Ground out 5-3 (Groundball, 56S, EV 86.2 MPH)
Top of the 3rd over - 0 runs, 0 hits, 0 errors, 0 left on base; Northville 1 - Springfield 0
BOTTOM OF THE 3RD
Springfield Shooters batting - Pitching for Northville Eclipse : RHP John Seawright
Batting: RHB Bang Aang 0-0: Fly out, F8 (Line Drive, 8LD, EV 91.9 MPH)
Batting: SHB Jorge Rocha 0-0: Foul Ball, location: 2F
0-1: Ground out U3 (Groundball, 3, EV 85.0 MPH)
Batting: LHB Joey Terry 0-0: Called Strike
0-1: Swinging Strike
0-2: Ball
1-2: Strikes out swinging
Bottom of the 3rd over - 0 runs, 0 hits, 0 errors, 0 left on base; Northville 1 - Springfield 0
TOP OF THE 4TH
Northville Eclipse batting - Pitching for Springfield Shooters : RHP Mario Fuentes
Batting: SHB Shing Li 0-0: Foul Ball, location: 2F
0-1: Ball
1-1: Called Strike
1-2: Ball
2-2: Ball
3-2: Foul Ball, location: 2F
3-2: Strikes out swinging, 2-3 out at first.
Batting: RHB Jesús Mancebo 0-0: Ball
1-0: Called Strike
1-1: Ball
2-1: Ball
3-1: Base on Balls
Batting: SHB Javier Murillo 0-0: Ball
1-0: Ball
2-0: Foul Ball, location: 2F
2-1: Foul Ball, location: 2F
2-2: Ball
3-2: SINGLE (Groundball, 5D, EV 110.6 MPH)
Jesús Mancebo to second
Batting: RHB Rafael Manawis 0-0: Called Strike
0-1: Foul Ball, location: 2F
0-2: Ball
1-2: Foul Ball, location: 2F
1-2: Fly out, F9 (Flyball, 89S, EV 81.9 MPH)
Batting: RHB Lex van Esch 0-0: Ball
1-0: Ground out 6-3 (Groundball, 4M, EV 99.4 MPH)
Top of the 4th over - 0 runs, 1 hit, 0 errors, 2 left on base; Northville 1 - Springfield 0
BOTTOM OF THE 4TH
Springfield Shooters batting - Pitching for Northville Eclipse : RHP John Seawright
Batting: RHB Gabriel Luzuriaga 0-0: Called Strike
0-1: Foul Ball, location: 2F
0-2: SINGLE (Groundball, 56D, EV 94.4 MPH)
Batting: RHB Júlio Chacón 0-0: Swinging Strike
0-1: Ball
1-1: DOUBLE (Flyball, 89D, EV 100.6 MPH)
Gabriel Luzuriaga to third
Batting: RHB Shi-xian Zhào 0-0: Swinging Strike
0-1: Ball
1-1: Swinging Strike
1-2: Ball
2-2: Ground out 5-3 (Groundball, 56S, EV 73.1 MPH)
Gabriel Luzuriaga scores
Júlio Chacón to third
Batting: LHB Bartolo Tasis 0-0: Called Strike
0-1: Ball
1-1: Ground out 6-3 (Groundball, 6, EV 97.5 MPH)
Júlio Chacón scores
Batting: RHB Bo Rajat 0-0: Ball
1-0: SINGLE (Line Drive, 8LS, EV 97.5 MPH)
Batting: SHB Félix Linaza 0-0: Ball
Bo Rajat is caught stealing 2nd base 2-6
Bottom of the 4th over - 2 runs, 3 hits, 0 errors, 0 left on base; Northville 1 - Springfield 2
TOP OF THE 5TH
Northville Eclipse batting - Pitching for Springfield Shooters : RHP Mario Fuentes
Batting: RHB Junji Ito 0-0: Ball
1-0: Ball
2-0: Ground out 5-3 (Groundball, 5, EV 86.9 MPH)
Batting: RHB Bastien Oudin 0-0: Ball
1-0: Swinging Strike
1-1: Foul Ball, location: 2F
1-2: Ball
2-2: Foul Ball, location: 2F
2-2: Ball
3-2: Base on Balls
Batting: LHB John Kersey 0-0: Ball
1-0: Ball
2-0: Foul Ball, location: 2F
2-1: Foul Ball, location: 2F
2-2: SINGLE (Line Drive, 7S, EV 95.6 MPH)
Bastien Oudin to second
Batting: RHB Daniel Marley 0-0: Called Strike
0-1: Swinging Strike
0-2: Strikes out looking
Batting: SHB Shing Li 0-0: Called Strike
0-1: Called Strike
0-2: Foul Ball, location: 2F
0-2: Ball
1-2: Ball
2-2: Ball
3-2: SINGLE (Groundball, 15S, EV 68.8 MPH) (infield hit)
Bastien Oudin to third
John Kersey to second
Pitching: RHP Prosper Azagba
Batting: RHB Jesús Mancebo 0-0: Called Strike
0-1: Ball
1-1: Ball
2-1: Ball
3-1: Called Strike
Passed Ball!
Bastien Oudin scores
John Kersey to third
Shing Li to second
3-2: Fly out, F9 (Flyball, 9, EV 91.2 MPH)
Top of the 5th over - 1 run, 2 hits, 0 errors, 2 left on base; Northville 2 - Springfield 2
BOTTOM OF THE 5TH
Springfield Shooters batting - Pitching for Northville Eclipse : RHP John Seawright
Batting: SHB Félix Linaza 0-0: Ball
1-0: Ball
2-0: Called Strike
2-1: Called Strike
2-2: SINGLE (Line Drive, 8LS, EV 88.8 MPH)
Batting: RHB Bang Aang 0-0: Sac Bunt to 15 - play at first, batter OUT! 1-3
Félix Linaza to second
Batting: SHB Jorge Rocha 0-0: 2-RUN HOME RUN (Flyball, 78XD, EV 101.2 MPH), Distance : 398 ft
Batting: LHB Joey Terry 0-0: Ball
1-0: Called Strike
1-1: Foul Ball, location: 2F
1-2: Ground out 4-3 (Groundball, 4, EV 86.9 MPH)
Batting: RHB Gabriel Luzuriaga 0-0: Foul Ball, location: 2F
0-1: Called Strike
0-2: Fly out, F8 (Line Drive, 8RM, EV 90.6 MPH)
Bottom of the 5th over - 2 runs, 2 hits, 0 errors, 0 left on base; Northville 2 - Springfield 4
TOP OF THE 6TH
Northville Eclipse batting - Pitching for Springfield Shooters : RHP Prosper Azagba
Batting: SHB Javier Murillo 0-0: Ball
1-0: Ball
2-0: Ball
3-0: Base on Balls
Batting: RHB Rafael Manawis 0-0: SINGLE (Groundball, 6MD, EV 102.5 MPH)
Javier Murillo to second
Batting: RHB Lex van Esch 0-0: Called Strike
0-1: Ball
1-1: Sac Bunt to 15 - play at first, batter OUT! 1-3
Javier Murillo to third
Rafael Manawis to second
Batting: RHB Junji Ito 0-0: Ball
1-0: Called Strike
1-1: Fly out, F8 (Flyball, 8LXD, EV 98.8 MPH)
Runner from 3rd tags up, SCORES, no throw by CF
Batting: RHB Bastien Oudin 0-0: Ball
1-0: Called Strike
1-1: Foul Ball, location: 2F
1-2: Foul Ball, location: 2F
1-2: Ball
2-2: Ground out 6-3 (Groundball, 6S, EV 88.1 MPH)
Top of the 6th over - 1 run, 1 hit, 0 errors, 1 left on base; Northville 3 - Springfield 4
BOTTOM OF THE 6TH
Springfield Shooters batting - Pitching for Northville Eclipse : RHP John Seawright
Batting: RHB Júlio Chacón 0-0: Ball
1-0: Called Strike
1-1: Ball
2-1: SOLO HOME RUN (Flyball, 7D, EV 105.6 MPH), Distance : 368 ft
Batting: RHB Shi-xian Zhào 0-0: Ball
1-0: Ball
2-0: Foul Ball, location: 2F
2-1: Foul Ball, location: 2F
2-2: Ball
3-2: Base on Balls
Pitching: RHP Juan Colón
Batting: LHB Bartolo Tasis 0-0: Ball
1-0: TRIPLE (Line Drive, 9LD, EV 105.0 MPH)
Shi-xian Zhào scores
Batting: RHB Bo Rajat 0-0: Ball
1-0: Ball
2-0: Called Strike
2-1: Foul Ball, location: 2F
2-2: Ball
3-2: Strikes out swinging
Batting: SHB Félix Linaza 0-0: Called Strike
0-1: Swinging Strike
0-2: Strikes out swinging
Batting: RHB Bang Aang 0-0: Ball
1-0: Ball
2-0: Ground out 5-3 (Groundball, 5L, EV 90.6 MPH)
Bottom of the 6th over - 2 runs, 2 hits, 0 errors, 1 left on base; Northville 3 - Springfield 6
TOP OF THE 7TH
Northville Eclipse batting - Pitching for Springfield Shooters : RHP Prosper Azagba
Pitching: RHP Li-chi Lou
Now at 2B: Marcos Calvo
Batting: LHB John Kersey 0-0: Ball
1-0: Swinging Strike
1-1: Swinging Strike
1-2: Ball
2-2: Strikes out swinging
Batting: RHB Daniel Marley 0-0: Ball
1-0: Ball
2-0: Foul Ball, location: 2F
2-1: DOUBLE (Line Drive, 89XD, EV 102.5 MPH)
Batting: SHB Shing Li 0-0: Fly out, F8 (Flyball, 89XD, EV 85.0 MPH)
Runner from 2nd tags up, SAFE at 3rd, no throw by CF
Batting: RHB Jesús Mancebo 0-0: Ball
1-0: Ball
2-0: Called Strike
2-1: Swinging Strike
2-2: Ball
3-2: Strikes out looking
Top of the 7th over - 0 runs, 1 hit, 0 errors, 1 left on base; Northville 3 - Springfield 6
BOTTOM OF THE 7TH
Springfield Shooters batting - Pitching for Northville Eclipse : RHP Juan Colón
Batting: SHB Jorge Rocha 0-0: Ball
1-0: Ball
2-0: Ball
3-0: Called Strike
3-1: Ground out 4-3 (Groundball, 4, EV 91.2 MPH)
Batting: LHB Joey Terry 0-0: Ball
1-0: Foul Ball, location: 2F
1-1: Fly out, F5 (Popup, 56S, EV 84.4 MPH)
Batting: RHB Marcos Calvo 0-0: SINGLE (Groundball, 34D, EV 98.1 MPH)
Batting: RHB Júlio Chacón 0-0: Ball
1-0: Ball
2-0: Fly out, F7 (Flyball, 7S, EV 87.5 MPH)
Bottom of the 7th over - 0 runs, 1 hit, 0 errors, 1 left on base; Northville 3 - Springfield 6
TOP OF THE 8TH
Northville Eclipse batting - Pitching for Springfield Shooters : RHP Li-chi Lou
Batting: SHB Javier Murillo 0-0: Called Strike
0-1: Called Strike
0-2: Ball
1-2: Strikes out swinging
Batting: RHB Rafael Manawis 0-0: Foul Ball, location: 2F
0-1: Ball
1-1: Ball
2-1: Ground out 1-3 (Groundball, 15, EV 94.4 MPH)
Batting: RHB Lex van Esch 0-0: Ball
1-0: Fly out, F8 (Flyball, 8RM, EV 88.1 MPH)
Top of the 8th over - 0 runs, 0 hits, 0 errors, 0 left on base; Northville 3 - Springfield 6
BOTTOM OF THE 8TH
Springfield Shooters batting - Pitching for Northville Eclipse : RHP Juan Colón
Batting: RHB Shi-xian Zhào 0-0: Ball
1-0: Ground out 6-3 (Groundball, 6, EV 105.0 MPH)
Batting: LHB Bartolo Tasis 0-0: Swinging Strike
0-1: Ball
1-1: Ball
2-1: Swinging Strike
2-2: Ball
3-2: Strikes out swinging
Batting: RHB Bo Rajat 0-0: Ball
1-0: Called Strike
1-1: Foul Ball, location: 2F
1-2: Strikes out swinging
Bottom of the 8th over - 0 runs, 0 hits, 0 errors, 0 left on base; Northville 3 - Springfield 6
TOP OF THE 9TH
Northville Eclipse batting - Pitching for Springfield Shooters : RHP Li-chi Lou
Pitching: RHP Horatio Hornblower
Batting: RHB Junji Ito 0-0: Called Strike
0-1: SINGLE (Line Drive, 7S, EV 88.8 MPH)
Batting: RHB Bastien Oudin 0-0: Ball
1-0: Ball
2-0: Grounds into double play, 4-6-3 (Groundball, 4M, EV 83.1 MPH)
Batting: LHB John Kersey 0-0: Ball
1-0: Foul Ball, location: 2F
1-1: Ball
2-1: Foul Ball, location: 2F
2-2: Fly out, F7 (Flyball, 7LDF, EV 93.8 MPH)
Top of the 9th over - 0 runs, 1 hit, 0 errors, 0 left on base; Northville 3 - Springfield 6
Friday, March 26th, 2021 - OOTP Baseball 20.8 Build 74